 Dungeon Crawl Stone Soup version 0.21-a0-506-ga0ee87aef2 (webtiles) character file.

304 Kublaii the Poker (level 6, -1/55 HPs)
             Began as a Hill Orc Fighter on Nov 27, 2017.
             Was an Initiate of Beogh.
             Slain by an ogre
             ... wielding a +0 giant club
              (14 damage)
             ... on level 4 of the Dungeon.
             The game lasted 00:16:56 (1991 turns).

Kublaii the Poker (Hill Orc Fighter)                Turns: 1991, Time: 00:16:57

Health: -1/55      AC: 14    Str: 20    XL:     6   Next: 38%
Magic:  6/6        EV:  7    Int:  8    God:    Beogh [......]
Gold:   157        SH:  0    Dex: 11    Spells: 5/5 levels left

rFire    . . .     SeeInvis .   a - +1 spear (pierce)
rCold    . . .     Gourm    .   (no shield)
rNeg     . . .     Faith    .   p - +0 chain mail
rPois    .         Spirit   .   (no helmet)
rElec    .         Reflect  .   (no cloak)
rCorr    .         Harm     .   g - +0 pair of gloves
MR       .....                  (no boots)
Stlth    ..........             (no amulet)
HPRegen  0.18/turn              r - +3 ring of protection
MPRegen  0.10/turn              (no ring)

@: no status effects
A: no striking features
a: Renounce Religion


You were on level 4 of the Dungeon.
You worshipped Beogh.
Beogh was noncommittal.
You were hungry.

You visited 1 branch of the dungeon, and saw 6 of its levels.

You collected 157 gold pieces.

Inventory:

Hand Weapons
 a - a +1 spear of piercing (weapon)
 b - a +0 hunting sling
 c - a +0 hunting sling
Missiles
 j - 107 stones (quivered)
 m - 13 sling bullets
Armour
 g - a +0 pair of gloves (worn)
 p - a +0 chain mail (worn)
Jewellery
 r - a +3 ring of protection (left hand)
 u - an uncursed ring of protection from fire {unknown}
Scrolls
 e - a scroll of random uselessness {unknown}
 h - a scroll of enchant weapon {unknown}
 i - 2 scrolls of identify
 n - a scroll of remove curse
Potions
 d - a potion of flight
 l - a potion of heal wounds
 o - a potion of berserk rage {unknown}
 q - a potion of degeneration {unknown}
Comestibles
 f - a bread ration
 s - a meat ration
 t - 8 fruits


   Skills:
 + Level 4.9 Fighting
 + Level 5.2 Polearms
 - Level 5.0 Armour
   Level 3.2 Shields


You had 5 spell levels left.
You didn't know any spells.

Dungeon Overview and Level Annotations

Branches:
Dungeon (6/15)
 Temple: D:4-7

Altars:
Dithmenos
Fedhas
Gozag
Makhleb

Annotations:
D:5 Eustachio


Message History

Wield which item (- for none, * to show all)? (? for menu, Esc to quit)
Okay, then.
Unknown command.
It was a potion of curing.
You feel better. The ogre hits you with a giant club!
You hit the ogre.
The ogre is lightly wounded.
You hit the ogre.
The ogre is lightly wounded.
The ogre hits you with a giant club!
* * * LOW HITPOINT WARNING * * *
You hit the ogre.
The ogre is moderately wounded.
The ogre barely misses you.
You hit the ogre.
The ogre is heavily wounded.
You hit the ogre but do no damage.
The ogre is heavily wounded.
The ogre hits you with a giant club!
You die...

.## .. ###.#
....#
#..####.#
#####.(.....#
#..@O....#
#.###.##.# #
#.##.# #..#.#
##....###
#.w.....+
##.>..###
#........#
#.......##


You could see an ogre.

Vanquished Creatures
  A centaur (D:5)
  A scorpion (D:4)
  2 howler monkeys
  A jelly (D:6)
  3 adders
  2 worms
  2 dart slugs
  2 orcs
  2 giant cockroaches (D:2)
  5 goblins
  A hobgoblin (D:1)
  4 jackals (D:1)
  3 kobolds
  A ball python (D:3)
  6 bats
  3 frilled lizards
  6 rats
45 creatures vanquished.

Vanquished Creatures (others)
  A black bear (D:6)
  An orc (D:6)
2 creatures vanquished.

Grand Total: 47 creatures vanquished

Notes
Turn   | Place    | Note
-------+----------+-------------------------------------------
     0 | D:1      | Kublaii the Hill Orc Fighter began the quest for the Orb.
     0 | D:1      | Reached XP level 1. HP: 19/19 MP: 1/1
   286 | D:1      | Reached XP level 2. HP: 15/26 MP: 2/2
   941 | D:2      | Reached XP level 3. HP: 31/31 MP: 3/3
  1062 | D:2      | Found a shadowy altar of Dithmenos.
  1476 | D:2      | Found an opulent altar of Gozag.
  1476 | D:2      | Found a burning altar of Makhleb.
  1670 | D:3      | Reached XP level 4. HP: 26/39 MP: 4/4
  1749 | D:3      | You fall through a shaft for 3 floors!
  1749 | D:6      | Found a blossoming altar of Fedhas.
  1751 | D:6      | Became a worshipper of Beogh the Brigand
  1795 | D:6      | Reached XP level 5. HP: 43/45 MP: 5/5
  1815 | D:6      | Noticed a black bear
  1849 | D:6      | Killed a black bear
  1849 | D:6      | Reached skill level 5 in Armour
  1903 | D:5      | Entered Level 5 of the Dungeon
  1903 | D:5      | Noticed a centaur
  1905 | D:5      | Noticed a phantom
  1918 | D:5      | Killed a centaur
  1938 | D:5      | Noticed Eustachio
  1941 | D:5      | Noticed an ice beast
  1966 | D:4      | Reached skill level 5 in Polearms
  1966 | D:4      | Reached XP level 6. HP: 22/53 MP: 6/6
  1991 | D:4      | Slain by an ogre

Vault maps used:
D:1:      dpeg_arrival_brainrot
D:2:      gammafunk_temple_overflow_wave, grunt_dithmenos_smoke_and_mirrors
D:3:      uniq_natasha
D:4:      kennysheep_mini
D:5:      lightli_temple_of_fire, first_bread, uniq_eustachio
D:6:      minmay_hedge_maze, fedhas_altar_fruit_tree, uniq_crazy_yiuf_cottage

Skill      XL: |  1  2  3  4  5 |
---------------+----------------+-----
Polearms       | 3 4 5 |  5.2
Armour         | 4 5 |  5.0
Fighting       | 4 |  4.9
Shields        | |  3.2

Action                   |  1- 3 |  4- 6 || total
-------------------------+-------+-------++-------
Melee: Trident           |    75 |       ||    75
       Spear             |    72 |    60 ||   132
 Fire: Hunting sling     |       |    10 ||    10
Throw: Stone             |    20 |     1 ||    21
Invok: Convert to Beogh  |       |     1 ||     1
  Use: Potion            |     1 |     2 ||     3
       Scroll            |     4 |       ||     4
  Eat: Chunk             |     3 |       ||     3
Armor: Scale mail        |    56 |       ||    56
       Chain mail        |    18 |    30 ||    48
Dodge: Dodged            |    52 |    25 ||    77

Table legend:
 A = Spawn XP
 B = Non-spawn XP
 C = Spawn XP percentage of total XP
 D = Spawn monster count
 E = Non-spawn monster count
 F = Spawn count percentage of total count
 G = Total turns spent on level
                    A         B        C        D         E        F      G
               +---------+---------+-------+---------+---------+-------+---------
         Total |       0 |     435 |   0.0 |       0 |      46 |   0.0 |  1991
               +---------+---------+-------+---------+---------+-------+---------
           D:1 |       0 |      31 |   0.0 |       0 |      17 |   0.0 |   911
           D:2 |       0 |      38 |   0.0 |       0 |      15 |   0.0 |   712
           D:3 |       0 |      79 |   0.0 |       0 |       7 |   0.0 |   126
           D:4 |       0 |     136 |   0.0 |       0 |       4 |   0.0 |    46
           D:5 |       0 |     112 |   0.0 |       0 |       1 |   0.0 |    42
           D:6 |       0 |      39 |   0.0 |       0 |       2 |   0.0 |   154
               +---------+---------+-------+---------+---------+-------+---------
